TOP OF THE 1ST |
Alaskan Humpbacks batting - Pitching for Sunset District Fog : RHP John Adams
|
Pitching: RHP John Adams
|
|
Batting: RHB Steve Camp
|
0-0: Foul Ball, location: 2F 0-1: Ground out 5-3 (Groundball, 56)
|
Batting: LHB Guomez Nabeiro
|
0-0: Ball 1-0: Called Strike 1-1: Called Strike 1-2: Ball 2-2: Foul Ball, location: 2F 2-2: Fly out, F4 (Popup, 4)
|
Batting: SHB Charles Waller
|
0-0: Ball 1-0: Ball 2-0: Ball 3-0: Swinging Strike 3-1: Foul Ball, location: 2F 3-2: Base on Balls
|
Batting: RHB Jared Smith
|
0-0: Ball 1-0: Ground out 1-3 (Groundball, 25)
|
Top of the 1st over - 0 run(s), 0 hit(s), 0 error(s), 1 left on base; Alaskan 0 - Sunset District 0 |
BOTTOM OF THE 1ST |
Sunset District Fog batting - Pitching for Alaskan Humpbacks : RHP Bill Kelly
|
Pitching: RHP Bill Kelly
|
|
Batting: RHB Roberto Andrade
|
0-0: Ball 1-0: Called Strike 1-1: Swinging Strike 1-2: Foul Ball, location: 2F 1-2: Strikes out swinging
|
Batting: SHB Al Anderson
|
0-0: Called Strike 0-1: Foul Ball, location: 2F 0-2: Ball 1-2: Ball 2-2: Strikes out swinging
|
Batting: RHB Gabriel Maldonado
|
0-0: Foul Ball, location: 2F 0-1: Swinging Strike 0-2: Strikes out swinging
|
Bottom of the 1st over - 0 run(s), 0 hit(s), 0 error(s), 0 left on base; Alaskan 0 - Sunset District 0 |
TOP OF THE 2ND |
Alaskan Humpbacks batting - Pitching for Sunset District Fog : RHP John Adams
|
Batting: SHB Josef Koper
|
0-0: Ball 1-0: Reached on error, E4 (Groundball, 4)
|
Batting: LHB James Sorensen
|
0-0: Called Strike 0-1: DOUBLE (Line Drive, 7LM) Josef Koper to third
|
Batting: RHB Troy Gine
|
0-0: Called Strike 0-1: Fly out, F7 (Line Drive, 78M)
|
Batting: RHB Orlando Jiménez
|
0-0: Called Strike 0-1: Ball 1-1: Foul Ball, location: 2F 1-2: Ball 2-2: Ground out 6-3 (Groundball, 6) Josef Koper scores James Sorensen to third
|
Batting: RHB Mal Green
|
0-0: Ball 1-0: Ball 2-0: Called Strike 2-1: Ball 3-1: Foul Ball, location: 2F 3-2: Strikes out looking
|
Top of the 2nd over - 1 run(s), 1 hit(s), 1 error(s), 1 left on base; Alaskan 1 - Sunset District 0 |
BOTTOM OF THE 2ND |
Sunset District Fog batting - Pitching for Alaskan Humpbacks : RHP Bill Kelly
|
Batting: RHB Tanner Watkins
|
0-0: Ball 1-0: Foul Ball, location: 2F 1-1: Ball 2-1: Ball 3-1: Base on Balls
|
Batting: SHB Brian Ray
|
0-0: Ball 1-0: Swinging Strike 1-1: Ball 2-1: Foul Ball, location: 2F 2-2: Ball 3-2: Foul Ball, location: 2F 3-2: Fly out, F9 (Line Drive, 9D)
|
Batting: LHB Randy Daugherty
|
0-0: Foul Ball, location: 2F 0-1: Foul Ball, location: 2F 0-2: Foul Ball, location: 2F 0-2: Ball 1-2: Ball 2-2: Fly out, F4 (Line Drive, 34)
|
Batting: RHB Jim Lee
|
0-0: Ball 1-0: Ball 2-0: Ball 3-0: Base on Balls Tanner Watkins to second
|
Batting: LHB Ron Frazier
|
0-0: Foul Ball, location: 2F 0-1: SINGLE (Line Drive, 56) Tanner Watkins to third Jim Lee to second
|
Batting: SHB Craig Barnes
|
0-0: Fly out, F7 (Line Drive, 78M)
|
Bottom of the 2nd over - 0 run(s), 1 hit(s), 0 error(s), 3 left on base; Alaskan 1 - Sunset District 0 |
TOP OF THE 3RD |
Alaskan Humpbacks batting - Pitching for Sunset District Fog : RHP John Adams
|
Batting: RHB Steve Camp
|
0-0: Ball 1-0: Fly out, F7 (Flyball, 7M)
|
Batting: LHB Guomez Nabeiro
|
0-0: Ball 1-0: Swinging Strike 1-1: Ball 2-1: Foul Ball, location: 2F 2-2: Foul Ball, location: 2F 2-2: Fly out, F8 (Flyball, 8LM)
|
Batting: SHB Charles Waller
|
0-0: Foul Ball, location: 2F 0-1: Swinging Strike 0-2: Strikes out swinging
|
Top of the 3rd over - 0 run(s), 0 hit(s), 0 error(s), 0 left on base; Alaskan 1 - Sunset District 0 |
BOTTOM OF THE 3RD |
Sunset District Fog batting - Pitching for Alaskan Humpbacks : RHP Bill Kelly
|
Batting: RHB Roberto Andrade
|
0-0: Ground out 5-3 (Groundball, 56S)
|
Batting: SHB Al Anderson
|
0-0: Foul Ball, location: 2F 0-1: Foul Ball, location: 2F 0-2: Ground out 4-3 (Groundball, 34)
|
Batting: RHB Gabriel Maldonado
|
0-0: Foul Ball, location: 2F 0-1: Ground out 6-3 (Groundball, 6)
|
Bottom of the 3rd over - 0 run(s), 0 hit(s), 0 error(s), 0 left on base; Alaskan 1 - Sunset District 0 |
TOP OF THE 4TH |
Alaskan Humpbacks batting - Pitching for Sunset District Fog : RHP John Adams
|
Batting: RHB Jared Smith
|
0-0: Ball 1-0: Ball 2-0: Swinging Strike 2-1: Ball 3-1: Foul Ball, location: 2F 3-2: Base on Balls
|
Batting: SHB Josef Koper
|
0-0: Called Strike 0-1: Foul Ball, location: 2F 0-2: Ball 1-2: Ball 2-2: Fly out, F8 (Flyball, 8RM)
|
Batting: LHB James Sorensen
|
0-0: Ball 1-0: Fly out, F7 (Flyball, 7S)
|
Batting: RHB Troy Gine
|
0-0: Ball 1-0: Called Strike 1-1: Ball 2-1: SINGLE (Line Drive, 6D) Jared Smith to second
|
Batting: RHB Orlando Jiménez
|
0-0: Called Strike 0-1: Foul Ball, location: 2F 0-2: SINGLE (Line Drive, 4D) Jared Smith to third Troy Gine to second Runner from 3rd tries for Home, SAFE, no throw or cutoff
|
Batting: RHB Mal Green
|
0-0: Called Strike 0-1: Swinging Strike Passed Ball! Troy Gine to third Orlando Jiménez to second 0-2: Foul Ball, location: 2F 0-2: Foul Ball, location: 2F 0-2: Ground out 6-3 (Groundball, 6)
|
Top of the 4th over - 1 run(s), 2 hit(s), 0 error(s), 2 left on base; Alaskan 2 - Sunset District 0 |
BOTTOM OF THE 4TH |
Sunset District Fog batting - Pitching for Alaskan Humpbacks : RHP Bill Kelly
|
Batting: RHB Tanner Watkins
|
0-0: Foul Ball, location: 2F 0-1: Called Strike 0-2: Ball 1-2: Foul Ball, location: 2F 1-2: Fly out, F6 (Popup, 6MD)
|
Batting: SHB Brian Ray
|
0-0: Ball 1-0: Swinging Strike 1-1: Ball 2-1: Ball 3-1: Base on Balls
|
Batting: LHB Randy Daugherty
|
Pickoff Throw to First - Out! 0-0: Swinging Strike 0-1: Ball 1-1: Fly out, F5 (Popup, 56S)
|
Bottom of the 4th over - 0 run(s), 0 hit(s), 0 error(s), 0 left on base; Alaskan 2 - Sunset District 0 |
TOP OF THE 5TH |
Alaskan Humpbacks batting - Pitching for Sunset District Fog : RHP John Adams
|
Batting: RHB Steve Camp
|
0-0: Ball 1-0: Called Strike 1-1: Swinging Strike 1-2: SINGLE (Line Drive, 7LM)
|
Batting: LHB Guomez Nabeiro
|
0-0: Ball 1-0: Bunted foul 1-1: Ball 2-1: Bunted foul 2-2: Fly out, F8 (Flyball, 8LD)
|
Batting: SHB Charles Waller
|
0-0: Ball 1-0: Ball 2-0: Fly out, F8 (Flyball, 8LS)
|
Batting: RHB Jared Smith
|
0-0: Ball 1-0: Ball 2-0: Swinging Strike 2-1: Ball 3-1: Base on Balls Steve Camp to second
|
Batting: SHB Josef Koper
|
0-0: Ball 1-0: Swinging Strike 1-1: Foul Ball, location: 2F 1-2: Fly out, F8 (Flyball, 8RM)
|
Top of the 5th over - 0 run(s), 1 hit(s), 0 error(s), 2 left on base; Alaskan 2 - Sunset District 0 |
BOTTOM OF THE 5TH |
Sunset District Fog batting - Pitching for Alaskan Humpbacks : RHP Bill Kelly
|
Batting: RHB Jim Lee
|
0-0: Ground out 4-3 (Groundball, 4M)
|
Batting: LHB Ron Frazier
|
0-0: Fly out, F8 (Flyball, 8RM)
|
Batting: SHB Craig Barnes
|
0-0: Foul Ball, location: 2F 0-1: Ball 1-1: Ball 2-1: Foul Ball, location: 2F 2-2: Fly out, F7 (Flyball, 7LS)
|
Bottom of the 5th over - 0 run(s), 0 hit(s), 0 error(s), 0 left on base; Alaskan 2 - Sunset District 0 |
TOP OF THE 6TH |
Alaskan Humpbacks batting - Pitching for Sunset District Fog : RHP John Adams
|
Batting: LHB James Sorensen
|
0-0: DOUBLE (Flyball, 89XD)
|
Batting: RHB Troy Gine
|
0-0: Foul Ball, location: 2F 0-1: Foul Ball, location: 2F Single, Error in OF, E7, batter to second base James Sorensen scores
|
Batting: RHB Orlando Jiménez
|
0-0: Fly out, F5 (Line Drive, 56S)
|
Batting: RHB Mal Green
|
0-0: Ball 1-0: Ball 2-0: Called Strike 2-1: Fly out, F8 (Line Drive, 89M)
|
Batting: RHB Steve Camp
|
0-0: Called Strike 0-1: Fly out, F9 (Popup, 9S)
|
Top of the 6th over - 1 run(s), 2 hit(s), 1 error(s), 1 left on base; Alaskan 3 - Sunset District 0 |
BOTTOM OF THE 6TH |
Sunset District Fog batting - Pitching for Alaskan Humpbacks : RHP Bill Kelly
|
Batting: RHB Roberto Andrade
|
0-0: Ground out 6-3 (Groundball, 6M)
|
Batting: SHB Al Anderson
|
0-0: SOLO HOME RUN (Flyball, 9LD), Distance : 362 ft
|
Batting: RHB Gabriel Maldonado
|
0-0: Ball 1-0: Called Strike 1-1: Called Strike 1-2: Ball 2-2: Foul Ball, location: 2F 2-2: Ball 3-2: Strikes out looking
|
Batting: RHB Tanner Watkins
|
0-0: Called Strike 0-1: Foul Ball, location: 2F 0-2: Ball 1-2: Fly out, F9 (Popup, 34D)
|
Bottom of the 6th over - 1 run(s), 1 hit(s), 0 error(s), 0 left on base; Alaskan 3 - Sunset District 1 |
TOP OF THE 7TH |
Alaskan Humpbacks batting - Pitching for Sunset District Fog : RHP John Adams
|
Batting: LHB Guomez Nabeiro
|
0-0: Called Strike 0-1: Ball 1-1: Swinging Strike 1-2: Ball 2-2: Strikes out looking
|
Batting: SHB Charles Waller
|
0-0: Ball 1-0: Called Strike 1-1: Ball 2-1: Foul Ball, location: 2F 2-2: Fly out, F7 (Flyball, 7M)
|
Batting: RHB Jared Smith
|
0-0: Ball 1-0: Fly out, F7 (Flyball, 7M)
|
Top of the 7th over - 0 run(s), 0 hit(s), 0 error(s), 0 left on base; Alaskan 3 - Sunset District 1 |
BOTTOM OF THE 7TH |
Sunset District Fog batting - Pitching for Alaskan Humpbacks : RHP Bill Kelly
|
Batting: SHB Brian Ray
|
0-0: SINGLE (Groundball, 4MD)
|
Batting: LHB Randy Daugherty
|
0-0: Ball 1-0: TRIPLE (Groundball, 3L) Brian Ray scores
|
Batting: RHB Jim Lee
|
0-0: Fly out, F9 (Flyball, 9M)
|
Batting: LHB Ron Frazier
|
0-0: Foul Ball, location: 2F 0-1: Ball 1-1: Foul Ball, location: 2F 1-2: Strikes out looking
|
Pinch Hitting: LHB Jim Unknown
|
0-0: Called Strike 0-1: Ball 1-1: Swinging Strike 1-2: Fly out, F9 (Line Drive, 9S)
|
Bottom of the 7th over - 1 run(s), 2 hit(s), 0 error(s), 1 left on base; Alaskan 3 - Sunset District 2 |
TOP OF THE 8TH |
Alaskan Humpbacks batting - Pitching for Sunset District Fog : RHP John Adams
|
Now at 2B: Jim Unknown
|
|
Batting: SHB Josef Koper
|
0-0: Ball 1-0: Fly out, F8 (Flyball, 8LM)
|
Batting: LHB James Sorensen
|
0-0: Foul Ball, location: 2F 0-1: Ball 1-1: Called Strike 1-2: Ball 2-2: SINGLE (Groundball, 56D)
|
Batting: RHB Troy Gine
|
0-0: Called Strike 0-1: Fly out, F9 (Flyball, 89M)
|
Batting: RHB Orlando Jiménez
|
0-0: Called Strike 0-1: Ball 1-1: Ball 2-1: Foul Ball, location: 2F 2-2: Fly out, F9 (Flyball, 89M)
|
Top of the 8th over - 0 run(s), 1 hit(s), 0 error(s), 1 left on base; Alaskan 3 - Sunset District 2 |
BOTTOM OF THE 8TH |
Sunset District Fog batting - Pitching for Alaskan Humpbacks : RHP Bill Kelly
|
Batting: RHB Roberto Andrade
|
0-0: Foul Ball, location: 2F 0-1: Ball 1-1: Called Strike 1-2: Foul Ball, location: 2F 1-2: Ball 2-2: Ball 3-2: Base on Balls
|
Batting: SHB Al Anderson
|
0-0: Ball 1-0: Ball 2-0: Grounds into double play, 6-4-3 (Groundball, 6)
|
Batting: RHB Gabriel Maldonado
|
0-0: Ball 1-0: Ball 2-0: Ground out 1-3 (Groundball, 13S)
|
Bottom of the 8th over - 0 run(s), 0 hit(s), 0 error(s), 0 left on base; Alaskan 3 - Sunset District 2 |
TOP OF THE 9TH |
Alaskan Humpbacks batting - Pitching for Sunset District Fog : RHP John Adams
|
Batting: RHB Mal Green
|
0-0: Fly out, F8 (Flyball, 8LM)
|
Batting: RHB Steve Camp
|
0-0: Ball 1-0: Ball 2-0: Ground out 5-3 (Groundball, 5)
|
Batting: LHB Guomez Nabeiro
|
0-0: Ball 1-0: SINGLE (Groundball, 4MD)
|
Pitching: RHP Curt Timperley
|
|
Batting: SHB Charles Waller
|
0-0: Ball 1-0: DOUBLE (Line Drive, 3D) Guomez Nabeiro to third Runner from 3rd tries for Home, SAFE, no throw or cutoff
|
Batting: RHB Jared Smith
|
0-0: Fly out, F4 (Popup, 4S)
|
Top of the 9th over - 1 run(s), 2 hit(s), 0 error(s), 1 left on base; Alaskan 4 - Sunset District 2 |
BOTTOM OF THE 9TH |
Sunset District Fog batting - Pitching for Alaskan Humpbacks : RHP Bill Kelly
|
Now at 2B: Andrew Rowland
|
|
Batting: RHB Tanner Watkins
|
0-0: Ball 1-0: Ball 2-0: Ball 3-0: Base on Balls
|
Pitching: RHP Miguel González
|
|
Batting: SHB Brian Ray
|
0-0: Called Strike 0-1: Ball 1-1: Swinging Strike 1-2: Fly out, F6 (Popup, 56)
|
Batting: LHB Randy Daugherty
|
0-0: Called Strike 0-1: Ball 1-1: Fielders Choice at 2nd, 1-6 (Groundball, 25)
|
Batting: RHB Jim Lee
|
0-0: Ball 1-0: Ball 2-0: Fly out, F9 (Popup, 4D)
|
Bottom of the 9th over - 0 run(s), 0 hit(s), 0 error(s), 1 left on base; Alaskan 4 - Sunset District 2 |
|